 Dungeon Crawl Stone Soup version 0.31.0-12-g77e489cdc1 (webtiles) character file.

Game seed: 1220187388328786664

174 Doomgape the Shooter (level 5, -2/25 HPs)
             Began as a Spriggan Hunter on Feb 25, 2024.
             Slain by Grinder (5 damage)
             ... on level 3 of the Dungeon.
             The game lasted 00:06:31 (2434 turns).

Doomgape the Shooter (Spriggan Hunter)              Turns: 2434, Time: 00:06:32

Health: -2/25      AC:  2    Str:  7    XL:     5   Next: 28%
Magic:  6/6        EV: 20    Int: 10    God:
Gold:   117        SH:  0    Dex: 21    Spells: 4/4 levels left

rFire   . . .        a - +0 shortbow
rCold   . . .        (shield currently unavailable)
rNeg    . . .        c - +0 robe
rPois   .            (helmet restricted)
rElec   .            (no cloak)
rCorr   .            (gloves unavailable)
SInv    +            (boots unavailable)
Will    .....        (no amulet)
Stlth   +++          (no ring)
HPRegen 0.24/turn    (no ring)
MPRegen 0.10/turn

%: no passive effects
@: very quick
A: very small, no large weapons, unfitting armour, see invisible, speed 3
a: no special abilities


You were on level 3 of the Dungeon.
You visited 1 branch of the dungeon, and saw 3 of its levels.

You collected 117 gold pieces.

Inventory:

Hand Weapons
 a - a +0 shortbow (weapon)
Armour
 c - a +0 robe (worn)
Scrolls
 b - a scroll of butterflies
 e - 2 scrolls of identify
 f - a scroll of immolation {unknown}
 g - a scroll of fog {unknown}
 i - a scroll of enchant weapon {unknown}
 k - a scroll of teleportation {unknown}
Potions
 d - a potion of haste
 h - 2 potions of heal wounds
 j - a potion of cancellation


   Skills:
 - Level 1.5 Fighting
 + Level 5.0 Ranged Weapons
 + Level 4.7 Dodging
 + Level 4.8 Stealth


You had 4 spell levels left.
You didn't know any spells.
Your spell library contained the following spells:

 Spells                   Type           Power      Damage    Failure   Level
 Fugue of the Fallen      Necr           0%         N/A       75%         3
 Ozocubu's Armour         Ice            0%         N/A       75%         3
 Manifold Assault         Tloc           0%         N/A       98%         4


Dungeon Overview and Level Annotations

Branches:
Dungeon (3/15)

Altars:

Shops:
D:3 :

Annotations:
D:3 Grinder


Innate Abilities, Weirdness & Mutations

You are very small and have problems with some larger weapons.
You are too small for most types of armour.
You have supernaturally acute eyesight. (SInv)
You cover ground extremely quickly. (Speed+++)


Message History

Fire: a) +0 shortbow
Press: ? - help, Q - select action Shift-Dir - straight line, f/p - Grinder
Aim: Grinder (severely wounded, 61% to hit)
You shoot an arrow.
The arrow hits Grinder but does no damage.
Grinder is severely wounded.
Grinder barely misses you.
Fire: a) +0 shortbow
Press: ? - help, Q - select action Shift-Dir - straight line, f - you Really target yourself?
Okay, then.
Fire: a) +0 shortbow
Press: ? - help, Q - select action Shift-Dir - straight line, f - Grinder
Aim: Grinder (severely wounded, 61% to hit)
You shoot an arrow. The arrow hits Grinder.
Grinder is severely wounded.
Grinder blinks!
Fire: a) +0 shortbow
Press: ? - help, Q - select action Shift-Dir - straight line, f/p - Grinder
Aim: Grinder (severely wounded, 61% to hit)
You shoot an arrow. The arrow hits Grinder!
Grinder is almost dead.
Grinder hits you!
* * * LOW HITPOINT WARNING * * *
Grinder barely misses you.
Fire: a) +0 shortbow
Press: ? - help, Q - select action Shift-Dir - straight line, f/p - Grinder
Aim: Grinder (almost dead, 61% to hit)
You shoot an arrow. The arrow hits Grinder!
Grinder is almost dead.
Unknown command.
Fire: a) +0 shortbow
Press: ? - help, Q - select action Shift-Dir - straight line, f/p - Grinder
Aim: Grinder (almost dead, 61% to hit)
You shoot an arrow. The arrow closely misses Grinder.
Grinder hits you.
* * * LOW HITPOINT WARNING * * *
You writhe in agony.
You die...
Grinder says, "Now the real fun starts!"

#.##. #.##. ###
#.##< ... #.##.
#.# ..##. #.#
####. ##
#.###########.
#.##
##............
#@###.###########.
#.5#.## #.
♣.....#.## #.
♣..#####.# #. #
#.# #. #.# #. #.#
. #.# #..


You could see Grinder.

Vanquished Creatures
  Crazy Yiuf (D:2)
  Terence (D:2)
  Robin (D:2)
  4 adders
  A dart slug (D:1)
  A ribbon worm (D:2)
  An orc (D:3)
  3 ball pythons
  8 bats
  3 endoplasms
  3 giant cockroaches
  12 goblins
  7 hobgoblins
  3 jackals (D:2)
  3 kobolds
  5 quokkas
  3 frilled lizards
  6 rats
66 creatures vanquished.

Notes
Turn   | Place    | Note
-------+----------+-------------------------------------------
     0 | D:1      | Doomgape the Spriggan Hunter began the quest for the Orb.
     0 | D:1      | Reached XP level 1. HP: 10/10 MP: 2/2
   117 | D:1      | Reached XP level 2. HP: 9/14 MP: 3/3
   781 | D:1      | Reached XP level 3. HP: 12/18 MP: 4/4
  1087 | D:2      | Noticed Terence
  1175 | D:2      | Killed Terence
  1210 | D:2      | Reached XP level 4. HP: 22/22 MP: 5/5
  1312 | D:2      | Noticed Robin
  1347 | D:2      | Killed Robin
  2037 | D:2      | Found a runed translucent door.
  2038 | D:2      | Noticed Crazy Yiuf
  2079 | D:2      | Killed Crazy Yiuf
  2080 | D:2      | Reached skill level 5 in Ranged Weapons
  2080 | D:2      | Reached XP level 5. HP: 13/25 MP: 6/6
  2239 | D:3      | Found Xurobb's Book Emporium.
  2401 | D:3      | Noticed Grinder
  2410 | D:3      | Paralysed by Grinder for 5 turns
  2434 | D:3      | Slain by Grinder

Illustrated notes

Levels and vault maps discovered:
D:1:      nicolae_arrival_memento_mori, layout_loops_corners,
          kennysheep_crisscross, minmay_misc_feat_hallway,
          kennysheep_another_room, minmay_unequal
D:2:      layout_loops_cross, kennysheep_small_spiral, uniq_robin,
          uniq_crazy_yiuf_cottage, uniq_terence
D:3:      layout_loops_ring, mainiacjoe_overflow_paths, serial_shops,
          nicolae_book_shop_shelving, grunt_decor_cap, st_stairs_1, uniq_ijyb,
          uniq_grinder, uniq_jessica

Skill      XL: |  1  2  3  4 |
---------------+-------------+-----
Stealth        | 2 3 4 |  4.8
Dodging        | 3 4 |  4.7
Ranged Weapons | 5 |  5.0
Fighting       | |  1.5

Action                     |  1- 3 |  4- 6 || total
---------------------------+-------+-------++-------
   Fire: Shortbow          |   115 |   122 ||   237
    Use: Scroll            |       |     3 ||     3
 Armour: Robe              |    15 |    32 ||    47
  Dodge: Dodged            |    24 |    44 ||    68
